 Dungeon Crawl Stone Soup version 0.32-a0-918-g0f22ef8d61 (webtiles) character file.

Game seed: 4012029050220620128

673 smashvw the Shield-Bearer (level 7, -6/53 HPs)
             Began as a Gnoll Wanderer on Apr 10, 2024.
             Mangled by a gnoll
             ... wielding a +0 whip
             ... led by a gnoll sergeant
              (8 damage)
             ... on level 4 of the Dungeon.
             The game lasted 00:08:29 (3484 turns).

smashvw the Shield-Bearer (Gnoll Wanderer)          Turns: 3484, Time: 00:08:30

Health: -6/53      AC:  5    Str:  8    XL:     7   Next: 59%
Magic:  12/12      EV: 12    Int:  8    God:
Gold:   190        SH:  8    Dex: 20    Spells: 13/13 levels left

rFire   . . .        v - +2 dagger (speed)
rCold   . . .        b - +2 buckler
rNeg    . . .        e - +0 robe
rPois   .            p - +2 hat {Stlth+}
rElec   .            c - +0 cloak
rCorr   +            (no gloves)
SInv    .            (no boots)
Will    .....        (no amulet)
Stlth   ++++         j - ring of resist corrosion
HPRegen 0.28/turn    (no ring)
MPRegen 0.13/turn

%: no passive effects
@: no status effects
A: fangs 1, strong nose, distributed training
a: no special abilities


You were on level 4 of the Dungeon.
You visited 1 branch of the dungeon, and saw 4 of its levels.
You also visited: Sewer.

You collected 190 gold pieces.

Inventory:

Hand Weapons
 a - a +0 spear
 g - a +0 short sword of draining
 v - a +2 dagger of speed (weapon)
Missiles
 n - 17 poisoned darts (quivered)
Armour
 b - a +2 buckler (worn)
 c - a +0 cloak (worn)
 e - a +0 robe (worn)
 p - a +2 hat of stealth (worn)
Jewellery
 j - a ring of resist corrosion (left hand)
Scrolls
 h - 3 scrolls of enchant weapon {unknown}
 l - a scroll of enchant armour {unknown}
 m - 2 scrolls of teleportation
 r - a scroll of fear {unknown}
 s - a scroll of blinking {unknown}
 t - a scroll of identify {unknown}
Potions
 d - 2 potions of curing
 f - 2 potions of degeneration {unknown}
 i - 2 potions of heal wounds {unknown}
 k - a potion of magic {unknown}
 o - 2 potions of berserk rage {unknown}
 q - a potion of resistance {unknown}
 u - a potion of might {unknown}


   Skills:
 + Level 3.8 Fighting
 + Level 2.7 Short Blades
 + Level 2.7 Long Blades
 + Level 2.7 Axes
 + Level 2.7 Maces & Flails
 + Level 5.3 Polearms
 + Level 2.7 Staves
 + Level 2.7 Ranged Weapons
 + Level 3.8 Throwing
 + Level 2.7 Armour
 + Level 2.7 Dodging
 + Level 5.0 Stealth
 + Level 7.1 Shields
 + Level 2.7 Unarmed Combat
 + Level 3.9 Spellcasting
 + Level 2.2 Conjurations
 + Level 2.2 Hexes
 + Level 2.2 Summonings
 + Level 2.2 Necromancy
 + Level 2.2 Translocations
 + Level 2.2 Fire Magic
 + Level 2.2 Ice Magic
 + Level 2.2 Air Magic
 + Level 2.2 Earth Magic
 + Level 2.2 Alchemy
 + Level 3.0 Invocations
 + Level 2.7 Evocations
 + Level 2.4 Shapeshifting


You had 13 spell levels left.
You didn't know any spells.
Your spell library contained the following spells:

 Spells                   Type           Power      Damage    Failure   Level
 Apportation              Tloc           10%        N/A       17%         1
 Jinxbite                 Hex            10%        N/A       26%         2
 Mercury Vapours          Alch/Air       10%        N/A       26%         2
 Mephitic Cloud           Conj/Alch/Air  5%         N/A       45%         3
 Leda's Liquefaction      Alch/Erth      2%         N/A       86%         4
 Petrify                  Alch/Erth      5%         N/A       86%         4
 Alistair's Intoxication  Alch           3%         N/A       99%         5
 Freezing Cloud           Conj/Ice/Air   2%         6-21      99%         5
 Metabolic Englaciation   Hex/Ice        2%         N/A       99%         5


Dungeon Overview and Level Annotations

Branches:
Dungeon (4/15)              Sewer (visited)
 Temple: D:4-7

Altars:

Annotations:
D:3 Grinder
D:4 1 runed translucent door, Crazy Yiuf


Innate Abilities, Weirdness & Mutations

You have very sharp teeth.
Your uncanny sense of smell can sniff out nearby items.
Your experience applies equally to all skills.


Message History

The gnoll sergeant is lightly wounded.
The gnoll sergeant barely misses you.
You hit the gnoll sergeant but do no damage.
The gnoll sergeant is lightly wounded.
The gnoll sergeant hits you with a +0 trident!
You hit the gnoll sergeant but do no damage.
The gnoll sergeant is lightly wounded.
You closely miss the gnoll sergeant.
The gnoll sergeant is lightly wounded.
The gnoll sergeant barely misses you. The gnoll closely misses you.
You hit the gnoll sergeant.
You bite the gnoll sergeant, but do no damage.
The gnoll sergeant is moderately wounded.
The gnoll closely misses you. The gnoll sergeant barely misses you.
You throw a poisoned dart.
The poisoned dart barely misses the gnoll sergeant.
The gnoll barely misses you. You block the gnoll sergeant's attack.
You throw a poisoned dart.
The poisoned dart hits the gnoll sergeant.
The gnoll sergeant is poisoned.
The gnoll sergeant is moderately wounded.
The gnoll closely misses you. You block the gnoll sergeant's attack.
You hit the gnoll sergeant but do no damage.
The gnoll sergeant is moderately wounded.
You hit the gnoll sergeant but do no damage.
The gnoll sergeant is moderately wounded.
The gnoll sergeant hits you with a +0 trident!
The gnoll hits you with a +0 whip.
You are too injured to fight recklessly!
You are too injured to fight recklessly!
You are too injured to fight recklessly!
The gnoll sergeant hits you from afar with a +0 trident.
* * * LOW HITPOINT WARNING * * *
The gnoll attacks as it pursues you! You block the gnoll's attack.
The gnoll sergeant attacks as it pursues you!
The gnoll sergeant hits you from afar with a +0 trident!
* * * LOW HITPOINT WARNING * * *
There is an escape hatch in the ceiling here.
The gnoll hits you with a +0 whip!
You die...

..###'### #. #.....
......# ###'###....##
###...##### #............
# #.......# #......(.....
###.##.##.####......(.....
.##..........'.....(......
............##....g..P..P.
#####..####.##....>...(P..
######....#.##..@g.....P..
....#.###...##...[......P.
....#))......#.#######)...
....#)######...# ### #...
....#.# #...#...# ...
..<.#.# #.#<..# .. ....#.#
#.###...# #.....#
#.......# #######
#####.....


You could see a gnoll sergeant (poisoned) and a gnoll.

Vanquished Creatures
  4 kobold brigands (Sewer)
  A hound (D:3)
  Natasha (thrice) (D:3)
  2 iguanas (D:4)
  Robin (D:3)
  3 gnolls (D:4)
  6 adders
  6 river rats
  2 dart slugs (D:1)
  4 ribbon worms
  10 endoplasms
  2 giant cockroaches (D:3)
  10 hobgoblins
  3 jackals (D:2)
  9 kobolds
  2 quokkas
  9 ball pythons
  7 bats
  4 frilled lizards
  7 goblins
  9 rats
104 creatures vanquished.

Notes
Turn   | Place    | Note
-------+----------+-------------------------------------------
     0 | D:1      | smashvw the Gnoll Wanderer began the quest for the Orb.
     0 | D:1      | smashvw set off with the following items: a +0 spear, a +2
                  | buckler, a +0 cloak, a potion of curing, a +0 robe.
     0 | D:1      | Reached XP level 1. HP: 17/17 MP: 4/4
    21 | D:1      | Reached XP level 2. HP: 18/23 MP: 5/5
   290 | D:1      | Reached XP level 3. HP: 28/28 MP: 7/7
   740 | D:2      | Reached skill level 1 in Invocations
   925 | D:2      | Reached skill level 1 in Short Blades
   925 | D:2      | Reached skill level 1 in Long Blades
   925 | D:2      | Reached skill level 1 in Axes
   925 | D:2      | Reached skill level 1 in Maces & Flails
   925 | D:2      | Reached skill level 1 in Staves
   925 | D:2      | Reached skill level 1 in Ranged Weapons
   925 | D:2      | Reached skill level 1 in Armour
   925 | D:2      | Reached skill level 1 in Dodging
   925 | D:2      | Reached skill level 1 in Unarmed Combat
   925 | D:2      | Reached skill level 1 in Evocations
  1078 | D:2      | Reached skill level 1 in Shapeshifting
  1078 | D:2      | Reached XP level 4. HP: 30/34 MP: 8/8
  1272 | D:3      | Found a glowing drain.
  1299 | D:3      | Reached skill level 1 in Conjurations
  1299 | D:3      | Reached skill level 1 in Hexes
  1299 | D:3      | Reached skill level 1 in Summonings
  1299 | D:3      | Reached skill level 1 in Necromancy
  1299 | D:3      | Reached skill level 1 in Translocations
  1299 | D:3      | Reached skill level 1 in Fire Magic
  1299 | D:3      | Reached skill level 1 in Ice Magic
  1299 | D:3      | Reached skill level 1 in Air Magic
  1299 | D:3      | Reached skill level 1 in Earth Magic
  1299 | D:3      | Reached skill level 1 in Alchemy
  1308 | Sewer    | Entered a sewer
  1503 | Sewer    | Noticed a kobold brigand
  1536 | Sewer    | Killed a kobold brigand
  1537 | Sewer    | Reached XP level 5. HP: 28/41 MP: 9/9
  1627 | Sewer    | Noticed a kobold brigand
  1650 | Sewer    | Killed a kobold brigand
  1651 | Sewer    | Reached XP level 6. HP: 29/47 MP: 9/11
  1842 | Sewer    | Reached skill level 5 in Polearms
  2382 | Sewer    | Reached skill level 7 in Shields
  2382 | Sewer    | Reached XP level 7. HP: 52/52 MP: 12/12
  2435 | D:3      | Noticed Natasha
  2450 | D:3      | Killed Natasha
  2452 | D:3      | Noticed Grinder
  2521 | D:3      | Noticed Robin
  2556 | D:3      | Killed Robin
  2770 | D:3      | Noticed Natasha
  2778 | D:3      | Killed Natasha
  2814 | D:3      | Noticed Natasha
  2823 | D:3      | Killed Natasha
  2828 | D:3      | You fall into a shaft and drop 1 floor!
  3111 | D:4      | Reached skill level 5 in Stealth
  3250 | D:4      | Found a runed translucent door.
  3251 | D:4      | Noticed Crazy Yiuf
  3483 | D:4      | HP: 2/53 [gnoll sergeant/+0 trident (11)]
  3484 | D:4      | Mangled by a gnoll

Illustrated notes

Levels and vault maps discovered:
D:1:      dpeg_arrival_solitude, layout_rooms, serial_forest,
          infiniplex_forest_lined_3, infiniplex_forest_straight_4,
          infiniplex_forest_clump_double, infiniplex_forest_lined_room_,
          infiniplex_forest_lined_room_3
D:2:      layout_basic, kennysheep_potato
D:3:      layout_loops_ring, portal_sewer_entry_c, uniq_grinder, uniq_natasha,
          uniq_robin
D:4:      layout_basic, marbit_many_paths, minmay_temple_entry_stoned_glass,
          gammafunk_ghost_grave, nicolae_grassy_gnolls, uniq_crazy_yiuf_cottage

Skill      XL: |  1  2  3  4  5  6  7 |
---------------+----------------------+-----
Invocations    | 1 2 3 |  3.0
Short Blades   | 1 2 |  2.7
Long Blades    | 1 2 |  2.7
Axes           | 1 2 |  2.7
Maces & Flails | 1 2 |  2.7
Staves         | 1 2 |  2.7
Ranged Weapons | 1 2 |  2.7
Armour         | 1 2 |  2.7
Dodging        | 1 2 |  2.7
Unarmed Combat | 1 2 |  2.7
Evocations     | 1 2 |  2.7
Shapeshifting  | 1 2 |  2.4
Spellcasting   | 3 |  3.9
Conjurations   | 1 2 |  2.2
Hexes          | 1 2 |  2.2
Summonings     | 1 2 |  2.2
Necromancy     | 1 2 |  2.2
Translocations | 1 2 |  2.2
Fire Magic     | 1 2 |  2.2
Ice Magic      | 1 2 |  2.2
Air Magic      | 1 2 |  2.2
Earth Magic    | 1 2 |  2.2
Alchemy        | 1 2 |  2.2
Fighting       | 3 |  3.8
Throwing       | 3 |  3.8
Polearms       | 5 |  5.3
Shields        | 7 |  7.1
Stealth        | 5 |  5.0

Action                     |  1- 3 |  4- 6 |  7- 9 || total
---------------------------+-------+-------+-------++-------
  Melee: Spear             |    51 |       |       ||    51
         Short sword       |    68 |   182 |    81 ||   331
         Bite              |     4 |    17 |    17 ||    38
         Dagger            |       |       |    39 ||    39
  Throw: Dart              |       |    26 |    23 ||    49
    Use: Scroll            |       |       |     1 ||     1
   Stab: Sleeping          |     6 |     4 |     1 ||    11
         Distracted        |     1 |       |       ||     1
 Armour: Robe              |    43 |    83 |    58 ||   184
  Dodge: Dodged            |    32 |    59 |    56 ||   147
  Block: Buckler           |    35 |    64 |    53 ||   152

Table legend: (Time is in decaauts)
 A = Elapsed time spent in this place.
 B = Non-inter-level travel time spent in this place.
 C = Inter-level travel time spent in this place.
 D = Time resting spent in this place.
 E = Time spent auto-exploring this place.
 F = Levels seen in this place.
 G = Mean time per level.
                   A        B        C        D        E       F      G
               +--------+--------+--------+--------+--------+-----+--------+
         Total |   3677 |   3587 |     90 |     24 |   2559 |   5 |  735.4 |
       Dungeon |   2372 |   2282 |     90 |     24 |   1605 |   4 |  593.0 |
         Sewer |   1305 |   1305 |      0 |      0 |    954 |   1 | 1305.0 |
               +--------+--------+--------+--------+--------+-----+--------+

Top non-repeatable levels by time:
   Sewer: 1305 daAuts
     D:3: 845 daAuts
     D:1: 600 daAuts
     D:2: 586 daAuts
     D:4: 339 daAuts
